 Dungeon Crawl Stone Soup version 0.19-b1-3-g7dea586 (webtiles) character file.

253 lorenzova the Bolt Thrower (level 6, -7/47 HPs)
             Began as a Formicid Hunter on Oct 29, 2016.
             Mangled by an orc
             ... wielding a +0 flail
              (8 damage)
             ... on level 3 of the Dungeon.
             The game lasted 00:08:39 (4084 turns).

lorenzova the Bolt Thrower (Formicid Hunter)        Turns: 4084, Time: 00:08:41

Health: -7/47      AC:  3    Str: 17    XL:     6   Next: 37%
Magic:  6/6        EV: 13    Int: 10    God:
Gold:   94         SH:  0    Dex: 13    Spells: 0 memorised, 5 levels left

rFire  . . .     SeeInvis +     w - +0 morningstar
rCold  . . .     Gourm    .     c - +0 leather armour
rNeg   . . .     Faith    .     (no shield)
rPois  .         Spirit   .     (helmet unavailable)
rElec  .         Reflect  .     (no cloak)
rCorr  +         Harm     .     (no gloves)
MR     .....                    (no boots)
Stlth  +.........               n - amulet of rage
                                l - +2 ring of evasion
                                e - ring of resist corrosion

@: confused, heavily drained
A: permanent stasis, dig shafts and tunnels, four strong arms, antennae 3
a: Dig, Shaft Self


You were on level 3 of the Dungeon.
You were not hungry.

You visited 1 branch of the dungeon, and saw 3 of its levels.

You collected 94 gold pieces.

Inventory:

Hand Weapons
 a - a +1 hand crossbow
 w - a +0 morningstar (weapon)
Missiles
 d - 8 bolts
Armour
 c - a +0 leather armour (worn)
Jewellery
 e - a ring of resist corrosion (left hand)
 l - a +2 ring of evasion (right hand)
 n - an amulet of rage (around neck)
 t - an uncursed amulet of harm
Scrolls
 h - 2 scrolls of remove curse {unknown}
 j - a scroll of enchant armour {unknown}
 k - a scroll of fog {unknown}
 r - a scroll of noise {unknown}
 u - a scroll of enchant weapon {unknown}
 v - a scroll of identify {unknown}
 y - a scroll of recharging {unknown}
Potions
 b - a potion of ambrosia {unknown}
 g - a potion of mutation {unknown}
 i - a potion of cure mutation {unknown}
 m - 2 potions of might
 o - a potion of magic {unknown}
 p - 2 potions of lignification {unknown}
 q - a potion of degeneration {unknown}
 s - a potion of curing
 x - a potion of brilliance {unknown}
Comestibles
 f - 3 bread rations


   Skills:
 + Level 3.3(2.0) Fighting
 + Level 5.5(4.1) Crossbows
 + Level 2.5(1.3) Armour
 - Level 1.7(0.5) Dodging
 + Level 3.7(2.5) Stealth


You had 5 spell levels left.
You didn't know any spells.

Dungeon Overview and Level Annotations

Branches:
Dungeon (3/15)

Altars:
Yredelemnul
The Shining One


Innate Abilities, Weirdness & Mutations

You are under a permanent stasis effect.
You can dig through walls and to a lower floor.
Your four strong arms can wield two-handed weapons with a shield.
You have a pair of large antennae on your head. (SInv)


Message History

The magic dart hits you!
You barely miss the orc wizard.
The orc wizard is severely wounded.
The orc zaps a wand.
You are more confused.
The orc wizard hits you but does no damage.
You bump into the rock wall.
The orc zaps a wand.
You resist with some effort.
The orc wizard mumbles some strange words.
The orc wizard flickers and vanishes for a moment.
You bump into the rock wall.
The orc hits you with a flail!
* * * LOW HITPOINT WARNING * * *
The orc wizard hits you with a short sword.
* * * LOW HITPOINT WARNING * * *
You completely miss the orc wizard.
The orc wizard is severely wounded.
The orc wizard gestures at you while chanting.
The magic dart hits you!
* * * LOW HITPOINT WARNING * * *
The orc hits you with a flail!
You die...

#####....# #.....)..#
#......###
###########......#####
.........[............
........###......#.#..
..#########.#
########.#..
#>.....roo#.#### #.#..
......###@#....# #.###
.....
#..###.#######.###


oo.. ##.##.......#...## ... #..#)......#...## .. ##.#.......#...## .
#..#.######...## ##.#.# #...## #.#.######...## #.#.##....#.## You could see an
orc wizard (invisible), an orc and a rat.

Vanquished Creatures
  An orc priest (D:3)
  Ijyb (D:2)
  An orc wizard (D:3)
  A gnoll (D:1)
  8 adders
  An ooze (D:2)
  2 worms
  4 dart slugs
  2 leopard geckos (D:1)
  7 orcs
  4 bats
  4 giant cockroaches
  7 goblins
  7 hobgoblins
  2 jackals (D:2)
  3 quokkas
  2 frilled lizards
  7 kobolds
  7 rats
71 creatures vanquished.

Notes
Turn   | Place    | Note
-------+----------+-------------------------------------------
     0 | D:1      | lorenzova the Formicid Hunter began the quest for the Orb.
     0 | D:1      | Reached XP level 1. HP: 16/16 MP: 1/1
     2 | D:1      | Noticed an ogre
     4 | D:1      | Noticed an octopode
     6 | D:1      | Noticed a dwarf
     6 | D:1      | Noticed a minotaur
     8 | D:1      | Noticed a merfolk
     8 | D:1      | Noticed an elf
    10 | D:1      | Noticed a vampire
    10 | D:1      | Noticed a centaur
    12 | D:1      | Noticed a formicid
    12 | D:1      | Noticed a felid
    14 | D:1      | Noticed a demigod
    16 | D:1      | Noticed a draconian
    16 | D:1      | Noticed a tengu
    18 | D:1      | Noticed a gargoyle
    18 | D:1      | Noticed a vine stalker
    20 | D:1      | Noticed a halfling
    32 | D:1      | Noticed a spriggan
    32 | D:1      | Noticed a human
    34 | D:1      | Noticed a naga
    34 | D:1      | Noticed a demonspawn
    36 | D:1      | Noticed a ghoul
    36 | D:1      | Noticed a troll
   205 | D:1      | Reached XP level 2. HP: 18/22 MP: 2/2
   332 | D:1      | Reached XP level 3. HP: 7/27 MP: 3/3
   748 | D:1      | Reached skill level 5 in Crossbows
  1281 | D:2      | Reached XP level 4. HP: 33/33 MP: 4/4
  1398 | D:2      | Reached skill level 1 in Armour
  1945 | D:2      | Reached XP level 5. HP: 24/39 MP: 5/5
  2110 | D:2      | Noticed Ijyb
  2122 | D:2      | Killed Ijyb
  2280 | D:2      | Found a glowing golden altar of the Shining One.
  2282 | D:2      | Noticed an angel
  2287 | D:2      | Found a basalt altar of Yredelemnul.
  2289 | D:2      | Noticed a profane servitor
  2947 | D:3      | Reached XP level 6. HP: 17/47 MP: 6/6
  4084 | D:3      | HP: 1/47 [orc wizard/magic dart (5)]
  4084 | D:3      | Mangled by an orc

Skill      XL: |  1  2  3  4  5 |
---------------+----------------+-----
Crossbows      | 5 |  5.5
Stealth        | 2 3 |  3.7
Armour         | 1 2 |  2.5
Fighting       | 3 |  3.3
Dodging        | |  1.7

Action                   |  1- 3 |  4- 6 || total
-------------------------+-------+-------++-------
Melee: Short sword       |    26 |   115 ||   141
       Morningstar       |       |    52 ||    52
 Fire: Hand crossbow     |    49 |    35 ||    84
  Use: Potion            |       |     2 ||     2
 Stab: Sleeping          |     1 |     3 ||     4
  Eat: Chunk             |       |     7 ||     7
       Meat ration       |       |     1 ||     1
Armor: Leather armour    |     6 |    28 ||    34
Dodge: Dodged            |    19 |   154 ||   173
